 Dungeon Crawl Stone Soup version 0.17.1-1-g73c8601 (webtiles) character file.

21435 zercules the Basher (level 12, 0/150 HPs)
             Began as a Demonspawn Berserker on Jan 23, 2016.
             Was a High Priest of Trog.
             Slain by a shadow dragon (6 damage)
             ... on level 12 of the Dungeon on Jan 24, 2016.
             The game lasted 01:02:34 (13335 turns).

zercules the Basher (Demonspawn Berserker)         Turns: 13335, Time: 01:02:34

Health: 0/150      AC: 10    Str: 23    XL:     12   Next: 54%
Magic:  12/12      EV: 22    Int:  9    God:    Trog [*****.]
Gold:   639        SH:  0    Dex: 17    Spells: 0 memorised, 11 levels left

rFire  . . .     SeeInvis .     M - +1 flail
rCold  . . .     Clarity  .     d - +0 leather armour
rNeg   . . .     SustAt   .     (no shield)
rPois  .         Gourm    .     L - +1 hat
rElec  .         Spirit   .     (no cloak)
rCorr  .         Warding  .     v - +0 pair of gloves
rMut   +         Stasis   .     (no boots)
MR     .....                    I - amulet of resist mutation
Stlth  ..........               N - +5 ring of protection
                                q - +5 ring of evasion

@: berserking (expiring), drained, very quick, not resistant to hostile
enchantments, extremely unstealthy
A: antennae 1, foul stench 2, spiny 2, rot immunity
a: Berserk, Trog's Hand, Brothers in Arms, Burn Spellbooks, Renounce Religion


You were on level 12 of the Dungeon.
You worshipped Trog.
Trog was extremely pleased with you.
You were hungry.

You visited 1 branch of the dungeon, and saw 13 of its levels.

You collected 639 gold pieces.

Inventory:

Hand Weapons
 a - a +2 scimitar of flaming
 c - a +6 longbow of flaming
 y - a +1 shortbow of flaming
 M - a +1 flail (weapon)
 P - the +6 halberd "Uwnuon" {freeze, Str+4 Int+6}
   (You took it off a big kobold on level 8 of the Dungeon)

   It has been specially enchanted to freeze those struck by it, causing extra
   injury to most foes and up to half again as much damage against particularly
   susceptible opponents.
   It can also slow down cold-blooded creatures.
   It affects your strength (+4).
   It affects your intelligence (+6).
Missiles
 b - a throwing net (quivered)
 A - 8 curare-tipped needles
 D - 18 bolts of penetration
 J - 81 arrows
Armour
 d - a +0 leather armour (worn)
 p - a troll hide
 v - a +0 pair of gloves (worn)
 L - a +1 hat (worn)
Jewellery
 h - a ring of the Octopus King {SustAt AC+1 EV+1 Str+1 Int+1 Dex+1}
   (You took it off a centaur on level 12 of the Dungeon)

   [ring of sustain attributes]

   It sustains your strength, intelligence and dexterity.
   It affects your AC (+1).
   It affects your evasion (+1).
   It affects your strength (+1).
   It affects your intelligence (+1).
   It affects your dexterity (+1).
 q - a +5 ring of evasion (left hand)
 s - an uncursed ring of flight
 I - an amulet of resist mutation (around neck)
 K - an uncursed ring of fire
 N - a +5 ring of protection (right hand)
 Q - an uncursed ring of teleportation
 V - a +2 ring of strength
Wands
 f - a wand of polymorph (5)
 x - a wand of magic darts (39)
 E - a wand of paralysis (0)
 H - a wand of slowing (21)
 R - a wand of cold (0)
Scrolls
 e - 2 scrolls of teleportation
 i - 2 scrolls of magic mapping
 m - 2 scrolls of amnesia
 r - 2 scrolls of blinking
 W - a scroll of identify
Potions
 g - a potion of berserk rage {unknown}
 j - 4 potions of poison
 k - 2 potions of agility {unknown}
 l - 3 potions of curing
 n - 2 potions of might
 u - a potion of resistance
 w - a potion of magic {unknown}
 B - a potion of brilliance
 C - 4 potions of flight
 T - a potion of lignification {unknown}
Comestibles
 t - 7 meat rations
 z - 3 slices of pizza
 F - 20 fruits


   Skills:
 - Level 11.4(11.0) Fighting
 + Level 13.8(13.4) Maces & Flails
 + Level 4.4(4.1) Armour
 - Level 8.0(7.7) Dodging


You had 11 spell levels left.
You didn't know any spells.

Dungeon Overview and Level Annotations

Branches:
Dungeon (13/15)            Temple (0/1) D:7
   Lair: D:8-11         Orc: D:9-12      Vaults: D:13-14

Altars:
Fedhas
Gozag
Nemelex Xobeh
Okawaru
Ru
Sif Muna


Innate Abilities, Weirdness & Mutations

You have a pair of small antennae on your head.
You frequently emit foul miasma when damaged in melee.
You are mostly covered in sharp spines.
You are immune to rotting.


Message History

The shadow dragon bites you!
* * * LOW HITPOINT WARNING * * *
You feel drained.
* * * LOW HITPOINT WARNING * * *
The shadow dragon claws you!
* * * LOW HITPOINT WARNING * * *
The shadow dragon closely misses you.
You bludgeon the troll!!
You kill the troll!
Trog accepts your kill.
You hit the shadow dragon.
The shadow dragon is moderately wounded.
The shadow dragon breathes negative energy at you.
The bolt of negative energy misses you.
You closely miss the shadow dragon.
The shadow dragon is moderately wounded.
You barely miss the shadow dragon.
The shadow dragon is moderately wounded.
The shadow dragon bites you.
You die...

#................................
#................................
#........[.......<...............
..........[......................
#######....)###########.#########
#.....#.......).#.#
#(.(..#.###.###.#.#
#.....#.')###.#.#.#
#....(####@D%##.#.#
#........#ยง)(#..#.#
#.....#.##)(!##.###
#.....#.#.###.#.#
#.....#)###.###.#
#.....#.........#
#.....########### #.......##..#
#..........##


You could see a shadow dragon.

Vanquished Creatures
  A shadow dragon (D:12)
  Azrael (D:12)
  Harold (D:11)
  2 hydras
  2 centaur warriors
  4 hill giants
  2 unseen horrors
  A manticore (D:12)
  2 ugly things (D:12)
  A cyclops (D:12)
  A kobold demonologist (D:11)
  4 trolls
  A two-headed ogre (D:8)
  2 deep elf magi
  18 yaks
  4 fire elementals (D:12)
  2 wyverns
  A hungry ghost (D:12)
  3 hippogriffs
  The ghost of infinitevox the Chopper, an amateur DgFi (D:5)
  The ghost of zercules the Shield-Bearer, an amateur OpTm (D:4)
  2 vampire mosquitoes
  2 hell hounds (D:12)
  3 orc warriors
  2 ice beasts (D:10)
  4 ogres
  3 wasps
  2 sky beasts
  A black bear (D:6)
  2 phantoms
  2 centaurs
  8 big kobolds
  A crocodile (D:11)
  7 giant frogs
  A water moccasin skeleton (D:8)
  A wyvern skeleton (D:12)
  A scorpion (D:5)
  14 killer bees
  4 wights (D:7)
  4 crimson imps
  2 giant frog zombies
  3 hounds
  2 centaur skeletons
  A giant frog skeleton (D:12)
  7 orc priests
  9 orc wizards
  Ijyb (D:3)
  5 worker ants
  Terence (D:2)
  5 iguanas
  2 sheep (D:8)
  3 killer bee zombies
  2 hound zombies
  A hound skeleton (D:6)
  A gnoll (D:5)
  5 adders
  2 shadow imps (D:5)
  2 adder zombies (D:5)
  2 worms (D:3)
  20 orcs
  3 giant cockroaches
  9 goblins
  5 hobgoblins
  14 jackals
  15 kobolds
  6 quokkas
  A ball python (D:1)
  6 bats
  2 giant geckos
  6 giant newts
  A jackal skeleton (D:4)
  7 rats
270 creatures vanquished.

Vanquished Creatures (collateral kills)
  A fire elemental (D:12)
  A vampire mosquito (D:12)
2 creatures vanquished.

Vanquished Creatures (others)
  A kobold (D:12)
  4 plants (D:8)
5 creatures vanquished.

Grand Total: 277 creatures vanquished

Notes
Turn   | Place    | Note
--------------------------------------------------------------
     0 | D:1      | zercules the Demonspawn Berserker began the quest for the Orb.
     0 | D:1      | Reached XP level 1. HP: 18/18 MP: 1/1
   291 | D:1      | Gained mutation: You have a pair of small antennae on your head. [demonic ancestry]
   291 | D:1      | Reached XP level 2. HP: 13/24 MP: 2/2
   309 | D:1      | You fall through a shaft!
  1047 | D:2      | Noticed Terence
  1053 | D:2      | Killed Terence
  1053 | D:2      | Reached skill level 4 in Maces & Flails
  1053 | D:2      | Reached XP level 3. HP: 29/29 MP: 3/3
  1241 | D:2      | Reached ** piety under Trog
  1659 | D:3      | Noticed Ijyb
  1680 | D:3      | Killed Ijyb
  1680 | D:3      | Reached XP level 4. HP: 14/35 MP: 4/4
  2753 | D:3      | Reached skill level 5 in Maces & Flails
  2785 | D:4      | Noticed zercules's ghost (amateur OpTm)
  2798 | D:4      | Killed zercules's ghost
  2798 | D:4      | Gained mutation: You are partially covered in sharp spines. [demonic ancestry]
  2798 | D:4      | Reached XP level 5. HP: 41/41 MP: 5/5
  2847 | D:4      | Reached *** piety under Trog
  2847 | D:4      | Reached XP level 6. HP: 26/47 MP: 6/6
  2931 | D:5      | Entered Level 5 of the Dungeon
  2957 | D:5      | Found a sparkling altar of Nemelex Xobeh.
  2978 | D:5      | Reached skill level 6 in Maces & Flails
  3170 | D:5      | Noticed infinitevox's ghost (amateur DgFi)
  3539 | D:5      | Killed infinitevox's ghost
  3539 | D:5      | Gained mutation: You are immune to rotting. [demonic ancestry]
  3539 | D:5      | Reached XP level 7. HP: 52/52 MP: 7/7
  3637 | D:5      | Found an iron altar of Okawaru.
  3641 | D:5      | Found a deep blue altar of Sif Muna.
  3676 | D:5      | Found an opulent altar of Gozag.
  3678 | D:5      | Found a sparkling altar of Nemelex Xobeh.
  3679 | D:5      | Found a sacrificial altar of Ru.
  3792 | D:6      | Reached skill level 5 in Dodging
  4018 | D:6      | Reached skill level 7 in Maces & Flails
  4033 | D:6      | Reached XP level 8. HP: 43/58 MP: 8/8
  4469 | D:6      | Reached **** piety under Trog
  5227 | D:8      | Reached skill level 8 in Maces & Flails
  5757 | D:8      | Reached XP level 9. HP: 63/63 MP: 9/9
  6080 | D:8      | Noticed a two-headed ogre
  6322 | D:7      | Reached skill level 9 in Maces & Flails
  6529 | D:7      | Found a sacrificial altar of Ru.
  6845 | D:7      | Found a staircase to the Ecumenical Temple.
  7219 | D:7      | Got an ancient helmet
  7536 | D:8      | Killed a two-headed ogre
  7646 | D:8      | Reached skill level 5 in Fighting
  7646 | D:8      | Reached skill level 10 in Maces & Flails
  7669 | D:8      | Got a crude halberd {freeze}
  7677 | D:8      | Identified the +6 halberd "Uwnuon" {freeze, Str+4 Int+6} (You took it off a big kobold on level 8 of the Dungeon)
  7705 | D:8      | Noticed a three-headed hydra
  7720 | D:8      | Killed a four-headed hydra
  7720 | D:8      | Gained mutation: You may emit foul miasma when damaged in melee. [demonic ancestry]
  7720 | D:8      | Reached XP level 10. HP: 25/76 MP: 10/10
  8290 | D:10     | Entered Level 10 of the Dungeon
  8332 | D:10     | Killed an unseen horror
  8356 | D:10     | Reached skill level 11 in Maces & Flails
  8628 | D:10     | Noticed a hill giant
  8635 | D:10     | Killed a hill giant
  8690 | D:10     | Found a blossoming altar of Fedhas.
  8734 | D:10     | Reached ***** piety under Trog
  9319 | D:10     | Gained mutation: You frequently emit foul miasma when damaged in melee. [demonic ancestry]
  9319 | D:10     | Reached XP level 11. HP: 76/87 MP: 11/11
  9331 | D:11     | Noticed Harold
  9351 | D:11     | Killed Harold
  9393 | D:11     | Noticed a hill giant
  9404 | D:11     | Killed a hill giant
  9481 | D:11     | Noticed a soul eater
  9731 | D:11     | Reached skill level 12 in Maces & Flails
 10298 | D:12     | Noticed a hill giant
 10310 | D:12     | Killed a hill giant
 10653 | D:12     | Reached skill level 10 in Fighting
 11341 | D:12     | Noticed a five-headed hydra
 11342 | D:12     | Noticed a shadow dragon
 11344 | D:12     | Noticed a frost giant
 11349 | D:12     | Found a runed door.
 11349 | D:12     | Noticed a hill giant
 11353 | D:12     | Killed a five-headed hydra
 11354 | D:12     | Noticed a centaur warrior
 11360 | D:12     | Killed a centaur warrior
 11506 | D:12     | Reached skill level 13 in Maces & Flails
 11511 | D:12     | Gained mutation: You are mostly covered in sharp spines. [demonic ancestry]
 11511 | D:12     | Reached XP level 12. HP: 97/100 MP: 12/12
 11594 | D:12     | Killed an unseen horror
 12038 | D:12     | Received a gift from Trog
 12115 | D:12     | Got a ring of the Octopus King
 12117 | D:12     | Identified a ring of the Octopus King {SustAt AC+1 EV+1 Str+1 Int+1 Dex+1} (You took it off a centaur on level 12 of the Dungeon)
 12271 | D:12     | Noticed Azrael
 12340 | D:13     | Noticed a centaur warrior
 12357 | D:13     | Killed a centaur warrior
 12806 | D:12     | Killed Azrael
 13283 | D:12     | Killed a hill giant
 13304 | D:12     | Noticed a shadow dragon
 13304 | D:12     | a frost giant changed into a shadow dragon
 13317 | D:12     | Killed a shadow dragon
 13331 | D:12     | HP: 6/150 [shadow dragon (7)]
 13335 | D:12     | Slain by a shadow dragon

Action                   |  1- 3 |  4- 6 |  7- 9 | 10-12 || total
-------------------------+-------+-------+-------+-------++-------
Melee: Mace              |   118 |   143 |   242 |     2 ||   505
       Flail             |       |       |    70 |   444 ||   514
       Halberd           |       |       |     5 |       ||     5
Invok: Berserk           |     3 |     3 |    11 |     9 ||    26
       Burn Spellbooks   |     1 |       |     2 |     2 ||     5
       Trog's Hand       |       |     1 |       |       ||     1
       Brothers in Arms  |       |       |       |     3 ||     3
Evoke: Wand              |       |       |    11 |     6 ||    17
  Use: Potion            |       |     4 |       |     2 ||     6
       Scroll            |       |     3 |     7 |    11 ||    21
 Stab: Sleeping          |     1 |       |       |       ||     1
       Paralysed         |       |       |    20 |       ||    20
       Distracted        |       |       |     1 |       ||     1
  Eat: Chunk             |     1 |     3 |    20 |     6 ||    30
       Meat ration       |     1 |     1 |     1 |       ||     3
       Beef jerky        |       |       |     1 |       ||     1
       Bread ration      |       |       |       |     4 ||     4
       Pizza             |       |       |       |     3 ||     3
